 Dungeon Crawl Stone Soup version 0.18-a0-1577-gf591c28 (webtiles) character file.

119 HandofTrog the Skirmisher (level 4, -8/37 HPs)
             Began as a Demonspawn Wanderer on Mar 17, 2016.
             Killed by divine providence
             ... invoked by an orc priest
              (14 damage)
             ... on level 3 of the Dungeon.
             The game lasted 00:12:39 (3078 turns).

HandofTrog the Skirmisher (Demonspawn Wanderer)     Turns: 3078, Time: 00:12:39

Health: -8/37      AC:  4    Str: 13    XL:     4   Next: 74%
Magic:  5/5        EV: 10    Int: 12    God:
Gold:   141        SH:  0    Dex: 14    Spells: 1 memorised, 4 levels left

rFire  + . .     SeeInvis .     l - +1 dagger (freeze)
rCold  + + .     Gourm    .     x - +0 leather armour
rNeg   . . .     Faith    .     (no shield)
rPois  +         Spirit   .     (no helmet)
rElec  +         Dismiss  .     r - +0 cloak
rCorr  +         Reflect  .     (no gloves)
SustAt .         Harm     .     (no boots)
MR     .....                    (no amulet)
Stlth  +.........               (no ring)
                                v - ring of protection from cold

@: resistant, not resistant to hostile enchantments, very unstealthy
A: hooves 1
a: no special abilities


You were on level 3 of the Dungeon.
You were not hungry.

You visited 1 branch of the dungeon, and saw 3 of its levels.

You collected 141 gold pieces.

Inventory:

Hand Weapons
 a - a +2 dagger
 l - a +1 dagger of freezing (weapon)
Missiles
 q - 11 poisoned arrows
Armour
 e - a +0 robe
 r - a +0 cloak (worn)
 x - a +0 leather armour (worn)
 y - a +0 ring mail
Jewellery
 v - a ring of protection from cold (left hand)
 w - an uncursed ring of protection from fire {unknown}
Scrolls
 b - 2 scrolls of fear
 g - 5 scrolls of identify {unknown}
 i - a scroll of magic mapping {unknown}
 j - a scroll of enchant weapon
 m - a scroll of enchant armour {unknown}
 p - a scroll of fog {unknown}
 t - a scroll of blinking {unknown}
 A - a scroll of recharging {unknown}
 B - a scroll of remove curse {unknown}
 D - a scroll of random uselessness {unknown}
Potions
 k - a potion of invisibility {unknown}
 n - a potion of agility {unknown}
 o - a potion of magic {unknown}
 s - a potion of flight {unknown}
 u - a potion of heal wounds {unknown}
 z - a potion of curing {unknown}
 C - a potion of brilliance {unknown}
Books
 c - the Incunabulum of the Illusory Realms

   Spells                             Type                      Level
   a - Pain                           Necromancy                   1
   b - Vampiric Draining              Necromancy                   3
 d - the Disquisition on Changing

   Spells                             Type                      Level
   a - Beastly Appendage              Transmutation                1
   b - Passwall                       Transmutation/Earth          2
Comestibles
 f - 2 bread rations
 E - a meat ration


   Skills:
 * Level 3.9 Fighting
 + Level 2.0 Armour
 - Level 1.7 Stealth
 - Level 1.0 Spellcasting
 - Level 2.2 Necromancy
   Level 1.7 Translocations
   Level 1.7 Transmutations


You had 4 spell levels left.
You knew the following spells:

 Your Spells              Type           Power        Failure   Level  Hunger
a - Pain                  Necr           #...         17%         1    ##.....


Dungeon Overview and Level Annotations

Branches:
Dungeon (3/15)

Altars:
Gozag
Pakellas


Innate Abilities, Weirdness & Mutations

You have large cloven feet.


Message History

The orc priest mumbles some strange prayers to Beogh against you.
Pain shoots through your body!
* * * LOW HITPOINT WARNING * * *
You closely miss the orc priest.
The orc priest is almost dead.
The orc priest invokes the aid of Beogh against you.
You barely resist.
Drink which item? (? for menu, Esc to quit)
It was a potion of resistance.
You feel protected. The orc priest closely misses you.
You barely miss the orc priest.
The orc priest is almost dead.
The orc priest closely misses you.
You closely miss the orc priest.
You kick the orc priest, but do no damage.
The orc priest is almost dead.
The orc priest calls down the wrath of Beogh upon you.
Beogh smites you!
You die... #.##.#.# # #.#....# oo#

#.#...## #o. #.#.#.## #...
#.#.#[.#
##....###########.#.##.##
........o.o...oo#.#.##..#
##....#########o#.#.###.##
#... #@#.#.# #..# ###
#.#.#_# ##># .# #.#.#.#
#.# .# ########### #.#.#.#
#.##.# ..........# #.#.#.#
#.##.#
#########.######.#.#.#
#..#.# #........#.#.#
##.#.#
##################.#.#
#...#
..........g..gg..†.#.##
##..#


You could see an orc priest and 2 orcs.

Vanquished Creatures
  An orc wizard (D:3)
  A gnoll (D:1)
  4 adders (D:2)
  3 giant cockroaches
  3 goblins
  4 hobgoblins
  13 jackals
  4 bats
  8 kobolds
  5 rats
46 creatures vanquished.

Vanquished Creatures (others)
  A wasp (D:2)
1 creature vanquished.

Grand Total: 47 creatures vanquished

Notes
Turn   | Place    | Note
--------------------------------------------------------------
     0 | D:1      | HandofTrog the Demonspawn Wanderer began the quest for the Orb.
     0 | D:1      | HandofTrog set off with: a +2 dagger, a scroll of fear, the Incunabulum of the Illusory Realms, the Disquisition on Changing, a +0 robe, a bread ration
     0 | D:1      | Reached XP level 1. HP: 15/15 MP: 2/2
     0 | D:1      | Identified the Incunabulum of the Illusory Realms
     0 | D:1      | Identified the Disquisition on Changing
     2 | D:1      | Learned a level 1 spell: Pain
    40 | D:1      | Gained mutation: You have large cloven feet. [demonic ancestry]
    40 | D:1      | Reached XP level 2. HP: 16/22 MP: 1/3
   155 | D:1      | Reached skill level 2 in Fighting
   832 | D:2      | Reached skill level 1 in Necromancy
   832 | D:2      | Reached XP level 3. HP: 28/28 MP: 4/4
   888 | D:2      | Reached skill level 3 in Fighting
  1372 | D:2      | Found an oddly glowing altar of Pakellas.
  1372 | D:2      | Noticed an orange crystal statue
  1373 | D:2      | Noticed a wasp
  1418 | D:2      | Killed a wasp
  1745 | D:2      | Reached XP level 4. HP: 31/35 MP: 5/5
  2567 | D:3      | Found an opulent altar of Gozag.
  3078 | D:3      | Killed from afar by an orc priest

Vault maps used:
D:1:      lightli_arrival_isolated_outpost
D:2:      gammafunk_pakellas_statue_experiment
D:3:      overflow_temple_1_default, zin_treasury, marbit_many_paths,
          overflow_temple_1_default, first_bread, grunt_ministairs_2

Skill      XL: |  1  2  3  4 |
---------------+-------------+-----
Fighting       | 2 3 |  3.9
Necromancy     | 1 2 |  2.2
Armour         | 2 |  2.0
Stealth        | |  1.7
Spellcasting   | |  1.0
Translocations | |  1.7
Transmutations | |  1.7

Action                   |  1- 3 |  4- 6 || total
-------------------------+-------+-------++-------
Melee: Dagger            |   122 |    73 ||   195
 Cast: Pain              |     2 |       ||     2
  Use: Scroll            |     1 |       ||     1
       Potion            |       |     1 ||     1
 Stab: Sleeping          |     3 |       ||     3
  Eat: Chunk             |     2 |     5 ||     7
